 Dungeon Crawl Stone Soup version 0.28.0-53-g5a82cb258f (webtiles) character file.

Game seed: 17311894235583348373

4257 dranuc9 the Destroyer (level 10, -2/59 HPs)
             Began as a Deep Elf Conjurer on July 17, 2022.
             Was a Follower of Sif Muna.
             Succumbed to barbed spike wounds
             ... on level 11 of the Dungeon.
             The game lasted 01:46:36 (11466 turns).

dranuc9 the Destroyer (Deep Elf Conjurer)          Turns: 11466, Time: 01:46:36

Health: -2/59      AC:  9    Str:  4    XL:     10   Next: 10%
Magic:  26/26      EV: 14    Int: 28    God:    Sif Muna [*.....]
Gold:   485        SH:  4    Dex: 19    Spells: 22/29 levels left

rFire   . . .      SeeInvis .   k - +3 dagger (venom)
rCold   . . .      Faith    .   r - +0 buckler
rNeg    . . .      Spirit   .   F - +1 robe "Mulyoth" {Will+}
rPois   .          Reflect  .   w - +0 helmet
rElec   .          Harm     .   c - +2 cloak
rCorr   .          Rampage  .   o - +1 pair of gloves {hurl}
Will    +++..                   (no boots)
Stlth   +++.......              (no amulet)
HPRegen 0.19/turn               e - ring of willpower
MPRegen 0.20/turn               A - +6 ring of dexterity

@: spiked
A: no striking features
a: Renounce Religion, Channel Magic


You were on level 11 of the Dungeon.
You worshipped Sif Muna.
Sif Muna was aware of your devotion.
You visited 2 branches of the dungeon, and saw 10 of its levels.

You collected 485 gold pieces.

Inventory:

Hand Weapons
 j - a +1 whip of electrocution
 k - a +3 dagger of venom (weapon)
 C - a +0 shortbow of electrocution
Missiles
 q - 142 arrows
 z - a throwing net (quivered)
 D - a poisoned dart
Armour
 c - a +2 cloak (worn)
 o - a +1 pair of gloves of hurling (worn)
 r - a +0 buckler (worn)
 w - a +0 helmet (worn)
 F - the +1 robe "Mulyoth" (worn) {Will+}
   (You found it on level 7 of the Dungeon)

   Will:      It increases your willpower.
Magical Staves
 d - a staff of earth
 x - a staff of death
Jewellery
 e - a ring of willpower (left hand)
 A - a +6 ring of dexterity (right hand)
 H - a ring of protection from fire
Wands
 i - a wand of iceblast (2)
 u - a wand of paralysis (3)
 B - a wand of charming (7)
 E - a wand of flame (27)
 G - a wand of polymorph (8)
Scrolls
 b - 2 scrolls of enchant armour
 h - 4 scrolls of enchant weapon
 m - a scroll of blinking {unknown}
 y - a scroll of torment
Potions
 a - 2 potions of cancellation
 f - 2 potions of lignification
 g - a potion of ambrosia {unknown}
 l - a potion of mutation {unknown}
 p - 2 potions of resistance
 s - 3 potions of flight
 v - a potion of heal wounds {unknown}


   Skills:
 * Level 5.0 Fighting
 + Level 0.4 Throwing
 + Level 4.7 Dodging
 + Level 5.1 Stealth
 + Level 0.1 Shields
 + Level 10.3 Spellcasting
 * Level 10.6 Conjurations
 + Level 4.7 Hexes
 + Level 1.3 Evocations


You had 22 spell levels left.
You knew the following spells:

 Your Spells              Type           Power      Damage    Failure   Level
a - Magic Dart            Conj           100%       1d8       1%          1
b - Searing Ray           Conj           100%       2d8       1%          2
c - Fulminant Prism       Conj/Hex       27%        3d14      2%          4

Your spell library contained the following spells:

 Spells                   Type           Power      Damage    Failure   Level
 Dazzling Flash           Conj/Hex       100%       N/A       1%          3
 Confusing Touch          Hex            40%        N/A       2%          3
 Iskenderun's Mystic Bla  Conj/Tloc      44%        2d10      6%          4
 Yara's Violent Unravell  Hex/Tmut       13%        3d7       50%         5
 Enfeeble                 Hex            20%        N/A       100%        7


Dungeon Overview and Level Annotations

Branches:
Dungeon (8/15)             Temple (1/1) D:4
   Lair: D:8-11

Altars:
Ashenzari
Cheibriados
Dithmenos
Elyvilon
Fedhas
Gozag
Hepliaklqana
Kikubaaqudgha
Makhleb
Nemelex Xobeh
Okawaru
Ru
Sif Muna
Uskayaw
Vehumet
Wu Jian
Xom
Yredelemnul
Zin
The Shining One

Shops:
D:2 (   D:5 :


Message History

q - 142 arrows (gained 16)
Found 11 gold pieces.
A sourceless malevolence fills the Dungeon...
You fall into a shaft and drop 3 floors!
The shaft crumbles and collapses.
A two-headed ogre comes into view. It is wielding two +0 giant clubs.
The two-headed ogre shouts in stereo!
A manticore comes into view.
The manticore flicks its tail.
The volley of spikes hits you.
The barbed spikes become lodged in your body.
The barbs in your skin will harm you if you move.
Continue? [Y]es or [N]o only, please.
The barbs in your skin will harm you if you move.
Continue?
The barbed spikes dig painfully into your body as you move.
The barbed spikes dig painfully into your body as you move.
A gnoll comes into view. It is wielding a +0 whip.
The barbed spikes dig painfully into your body as you move.
A gnoll sergeant and 2 gnolls come into view.
The barbed spikes dig painfully into your body as you move.
The gnoll sergeant shouts!
You hear two shouts!
You hear an angry buzzing noise. x3
The gnoll enters a dispersal trap!
The gnoll blinks!
The gnoll sergeant blinks!
The gnoll blinks!
The two-headed ogre blinks!
You blink.
The gnoll sergeant moves out of view.
The gnoll moves out of view. x2
A wraith comes into view.
The barbed spikes dig painfully into your body as you move.
The barbed spikes dig painfully into your body as you move.
The two-headed ogre hits you with a +0 giant club!
The two-headed ogre closely misses you.
Found 18 gold pieces and a scroll of enchant weapon.
The barbed spikes dig painfully into your body as you move.
* * * LOW HITPOINT WARNING * * *
Found a stone staircase leading down.
The barbed spikes dig painfully into your body as you move.
* * * LOW HITPOINT WARNING * * *
The barbed spikes dig painfully into your body as you move.
* * * LOW HITPOINT WARNING * * *
The barbed spikes dig painfully into your body as you move.
You die...

##.. ... ### #..## #..
# #.?.# #.# .g #$...
#.# #.# #...# #.# ..
#...# #.#.##.# #..@#
##§...g.# #...#
##§#...§§§#
####...######.#..#.##.#
........O.....###.# #
>......W.....## #..
..^...........# #.#
###.#...#.####.# ...
#.#...#.# #.# ... #
#...#.# .# .#


You could see a two-headed ogre and a wraith.

Vanquished Creatures
  A two-headed ogre (D:7)
  A manticore (D:7)
  Maurice (D:8)
  Maggie (D:7)
  An unseen horror (D:7)
  An acid dragon (D:8)
  2 water moccasins
  An orc warrior (D:7)
  2 black bears
  2 sky beasts
  2 ogres
  2 centaurs (D:6)
  2 bullfrogs
  A gnoll sergeant (D:6)
  6 scorpions
  3 wights (D:6)
  3 centaur zombies
  2 jellies (D:6)
  An orc priest (D:7)
  Crazy Yiuf (D:4)
  A centaur skeleton (D:6)
  A hound (D:4)
  An iguana (D:7)
  2 orc wizards (D:7)
  A killer bee zombie (D:6)
  12 gnolls
  7 adders
  3 shadow imps
  3 worms
  4 dart slugs
  12 orcs
  10 endoplasms
  A giant cockroach (D:2)
  7 goblins
  5 hobgoblins
  5 jackals
  3 kobolds
  4 quokkas
  8 ball pythons
  3 bats
  3 frilled lizards
  11 rats
143 creatures vanquished.

Vanquished Creatures (others)
  52 fulminant prisms
52 creatures vanquished.

Grand Total: 195 creatures vanquished

Notes
Turn   | Place    | Note
-------+----------+-------------------------------------------
     0 | D:1      | dranuc9 the Deep Elf Conjurer began the quest for the Orb.
     0 | D:1      | Reached XP level 1. HP: 10/10 MP: 6/6
   173 | D:1      | Reached XP level 2. HP: 15/15 MP: 5/8
   176 | D:1      | Learned a level 2 spell: Searing Ray
   343 | D:1      | Reached skill level 5 in Conjurations
   575 | D:1      | Found a faded altar of an unknown god.
  1108 | D:1      | Reached XP level 3. HP: 19/19 MP: 7/9
  1208 | D:2      | Found Qejeyr's Antique Weapon Shoppe.
  1664 | D:2      | Reached skill level 1 in Fighting
  2299 | D:2      | Reached XP level 4. HP: 25/25 MP: 6/11
  3211 | D:3      | Reached XP level 5. HP: 30/30 MP: 10/13
  3355 | D:4      | Noticed a water moccasin
  3362 | D:4      | Killed a water moccasin
  3639 | D:4      | Reached skill level 5 in Spellcasting
  3892 | D:4      | Found a staircase to the Ecumenical Temple.
  3944 | D:4      | Reached XP level 6. HP: 35/35 MP: 9/15
  4038 | Temple   | Entered the Ecumenical Temple
  4237 | Temple   | Became a worshipper of Sif Muna the Loreminder
  4317 | D:4      | Noticed a sky beast
  4326 | D:4      | Killed a sky beast
  4534 | D:4      | Found a runed translucent door.
  4535 | D:4      | Noticed Crazy Yiuf
  4679 | D:5      | Entered Level 5 of the Dungeon
  4761 | D:5      | Noticed a sky beast
  4832 | D:5      | Found Yttoeqe's Book Shop.
  4961 | D:5      | Found a hide-covered altar of Uskayaw.
  4998 | D:5      | Killed a sky beast
  4999 | D:5      | Reached XP level 7. HP: 40/40 MP: 7/18
  6473 | D:6      | Reached XP level 8. HP: 46/46 MP: 14/21
  6668 | D:6      | Reached * piety under Sif Muna
  6869 | D:6      | Found a hazy altar of Hepliaklqana.
  7124 | D:6      | Learned a level 4 spell: Fulminant Prism
  7144 | D:6      | Reached skill level 5 in Stealth
  7921 | D:4      | Killed Crazy Yiuf
  7974 | D:7      | Found a broken altar of Ashenzari.
  8005 | D:7      | Noticed Maggie
  8161 | D:7      | Found an ancient bone altar of Kikubaaqudgha.
  8162 | D:7      | Identified the +1 robe "Mulyoth" {Will+}
  8531 | D:7      | Noticed a two-headed ogre
  8606 | D:7      | Found a flagged portal.
  8837 | D:7      | Reached XP level 9. HP: 51/52 MP: 14/23
  9021 | D:7      | Reached skill level 1 in Hexes
  9242 | D:7      | Killed Maggie
  9826 | D:7      | Noticed a manticore
  9895 | D:7      | Killed a manticore
  9919 | D:7      | Killed a two-headed ogre
  9920 | D:7      | Reached skill level 10 in Spellcasting
  9920 | D:7      | Reached skill level 10 in Conjurations
  9920 | D:7      | Reached skill level 1 in Evocations
 10842 | D:7      | Killed an unseen horror
 11207 | D:8      | Noticed Maurice
 11237 | D:8      | Reached skill level 5 in Fighting
 11237 | D:8      | Reached XP level 10. HP: 44/59 MP: 10/26
 11240 | D:8      | Killed Maurice
 11449 | D:8      | You fall into a shaft and drop 3 floors!
 11449 | D:11     | Noticed a two-headed ogre
 11452 | D:11     | Noticed a manticore
 11466 | D:11     | Succumbed to barbed spike wounds

Illustrated notes

Levels and vault maps discovered:
D:1:      psy_arrival_dodecagon, layout_loops_ring,
          shapermc_ecumenical_altar_petra, dk_noncrumbling_2,
          minmay_split_cup_large
D:2:      layout_loops_corners, serial_shops, nicolae_shop_advertising_works
          [nicolae_subvault_shop_adworks], minmay_crystal_water
D:3:      layout_rooms
D:4:      layout_basic, minmay_temple_entry_enclosed_plants,
          uniq_crazy_yiuf_cottage
D:5:      layout_loops_cross, mainiacjoe_overflow_paths, serial_shops,
          nicolae_shop_hallway_stairs, hangedman_decor_diamond_cutter
D:6:      layout_loops_ring, mainiacjoe_overflow_tiny_flanked
D:7:      minmay_cornered_nines, layout_basic, lemuel_crystal_altar,
          mainiacjoe_overflow_brackets, enter_bailey_2, uniq_maggie
D:8:      layout_layer_cave, serial_shops, shop_coins, uniq_maurice
D:11:     layout_loops_cross, nicolae_sif_muna_condensation
Temple:   eino_temple_scatter_basement

Skill      XL: |  1  2  3  4  5  6  7  8  9 |
---------------+----------------------------+-----
Conjurations   | 5 6 7 8 10 | 10.6
Fighting       | 1 2 3 4 5 |  5.0
Stealth        | 3 4 5 |  5.1
Spellcasting   | 4 5 6 7 8 10 | 10.3
Dodging        | 3 4 |  4.7
Hexes          | 4 |  4.7
Evocations     | 1 |  1.3
Throwing       | |  0.4
Shields        | |  0.1

Action                   |  1- 3 |  4- 6 |  7- 9 | 10-12 || total
-------------------------+-------+-------+-------+-------++-------
Throw: Dart              |       |       |     5 |       ||     5
 Cast: Magic Dart        |    78 |    76 |    42 |       ||   196
       Searing Ray       |     5 |    18 |    32 |       ||    55
       Fulminant Prism   |       |       |    51 |     3 ||    54
Evoke: Wand              |       |       |     7 |       ||     7
  Use: Scroll            |       |     1 |    11 |       ||    12
Armor: Robe              |     1 |     2 |     9 |     1 ||    13
Dodge: Dodged            |     2 |     4 |    35 |     1 ||    42
Block: Buckler           |       |       |     7 |       ||     7
